 Dungeon Crawl Stone Soup version 0.30-a0-4-ga7cffc901d (webtiles) character file.

Game seed: 13341121224501940278

7 drugrobin the Sneak (level 1, 0/18 HPs)
             Began as a Demigod Delver on Aug 21, 2022.
             Slain by an adder (2 damage)
             ... on level 3 of the Dungeon.
             The game lasted 00:01:19 (336 turns).

drugrobin the Sneak (Demigod Delver)                 Turns: 336, Time: 00:01:19

Health: 0/18       AC:  3    Str: 13    XL:     1   Next: 73%
Magic:  3/3        EV: 11    Int: 12    God:
Gold:   9          SH:  0    Dex: 15    Spells: 0/0 levels left

rFire   . . .      SeeInvis .    a - +0 short sword
rCold   . . .      Faith    .    (no shield)
rNeg    . . .      Spirit   .    b - +0 leather armour
rPois   .          Reflect  .    (no helmet)
rElec   .          Harm     .    (no cloak)
rCorr   .          Rampage  .    (no gloves)
Will    .....                    (no boots)
Stlth   +++.......               (no amulet)
HPRegen 0.06/turn                (no ring)
MPRegen 0.08/turn                (no ring)

@: no status effects
A: high MP 1, forlorn, divine attributes
a: no special abilities


You were on level 3 of the Dungeon.
You visited 1 branch of the dungeon, and saw 3 of its levels.

You collected 9 gold pieces.

Inventory:

Hand Weapons
 a - a +0 short sword (weapon)
Armour
 b - a +0 leather armour (worn)
 h - a +0 chain mail
Wands
 g - a wand of digging (3)
Scrolls
 c - a scroll of fog
 d - a scroll of magic mapping
 e - a scroll of fear
Potions
 f - a potion of haste


   Skills:
 - Level 2.6 Fighting
 - Level 1.7 Short Blades
 - Level 1.7 Dodging
 + Level 4.9 Stealth


You couldn't memorise any spells.
You didn't know any spells.
Your spell library was empty.

Dungeon Overview and Level Annotations

Branches:
Dungeon (5/15)
 Temple: D:4-7


Innate Abilities, Weirdness & Mutations

You have an increased reservoir of magic. (+10% MP)
You shall have no god before yourself.
Your divine heritage dramatically boosts your attributes as you level up.


Message History

* * * LOW HITPOINT WARNING * * *
Unknown command.
Unknown command.
Unknown command.
Unknown command.
Unknown command.
Press: ? - help, v - describe, . - travel
Here: an adder (almost dead)
The floor, spattered with blood.
Unknown command.
You closely miss the adder.
The adder is almost dead.
The adder barely misses you.
Unknown command.
Unknown command.
You miss the adder.
The adder is almost dead.
The adder closely misses you.
Unknown command.
Unknown command.
You closely miss the adder.
The adder is almost dead.
The adder barely misses you.
Unknown command.
You closely miss the adder.
The adder is almost dead.
The adder bites you.
* * * LOW HITPOINT WARNING * * *
The adder bites you but does no damage.
Unknown command.
Unknown command.
You barely miss the adder.
The adder is almost dead.
The adder barely misses you.
Unknown command.
Unknown command.
You completely miss the adder.
The adder is almost dead.
The adder bites you.
You die...

... ##..### .( ..# #
#. #.# ###.#.##.#
......(#.###
#.....## #S###..#
#@# #†.# #.###..#
#.....## #.###.# ..#
#.# # ###.#.# #####.
###....#######.....
+...................
####....#######.##..


You could see an adder.

Vanquished Creatures
  A dart slug (D:5)
  A goblin (D:4)
  A hobgoblin (D:3)
  2 ball pythons (D:3)
5 creatures vanquished.

Notes
Turn   | Place    | Note
-------+----------+-------------------------------------------
     0 | D:5      | drugrobin the Demigod Delver began the quest for the Orb.
     0 | D:5      | Reached XP level 1. HP: 18/18 MP: 3/3
   336 | D:3      | Slain by an adder

Illustrated notes

Levels and vault maps discovered:
D:3:      layout_loops_corners, cheibrodos_sewer_entry_sluice, uniq_terence,
          uniq_natasha
D:4:      layout_loops_ring, general_overflow_altar, uniq_eustachio
D:5:      layout_rooms, amethyst_overflow_temple_binary, nrook_pool_corridor,
          nicolae_titane, uniq_sigmund, uniq_menkaure

Action                   || total
-------------------------++-------
Melee: Short sword       ||    38
Throw: Dart              ||     2
 Stab: Sleeping          ||     3
Armor: Leather armour    ||    10
Dodge: Dodged            ||    20

Table legend: (Time is in decaauts)
 A = Elapsed time spent in this place.
 B = Non-inter-level travel time spent in this place.
 C = Inter-level travel time spent in this place.
 D = Time resting spent in this place.
 E = Time spent auto-exploring this place.
 F = Levels seen in this place.
 G = Mean time per level.
                   A        B        C        D        E       F      G
               +--------+--------+--------+--------+--------+-----+--------+
         Total |    336 |    336 |      0 |     99 |    112 |   3 |  112.0 |
       Dungeon |    336 |    336 |      0 |     99 |    112 |   3 |  112.0 |
               +--------+--------+--------+--------+--------+-----+--------+

Top non-repeatable levels by time:
     D:4: 227 daAuts
     D:3: 73 daAuts
     D:5: 35 daAuts
